 Dungeon Crawl Stone Soup version 0.21-a0-426-g98080a9 (webtiles) character file.

10516 kae the Geomancer (level 11, 0/64 HPs)
             Began as a Gargoyle Earth Elementalist on Nov 7, 2017.
             Was a Priest of Vehumet.
             Shot with an arrow by a centaur warrior (11 damage)
             ... on level 11 of the Dungeon.
             The game lasted 00:15:41 (12231 turns).

kae the Geomancer (Gargoyle Earth Elementalist)    Turns: 12231, Time: 00:15:42

Health: 0/64       AC: 14    Str: 11    XL:     11   Next: 63%
Magic:  31/33      EV: 13    Int: 19    God:    Vehumet [***...]
Gold:   153        SH:  6    Dex: 11    Spells: 20/29 levels left

rFire    . . .     SeeInvis .   C - +1 whip (elec)
rCold    + + .     Gourm    .   J - +2 buckler of Jouvuew {rC++}
rNeg     + . .     Faith    .   c - +0 robe
rPois    ∞         Spirit   .   y - +2 helmet
rElec    +         Reflect  .   (no cloak)
rCorr    +         Harm     .   P - +0 pair of gloves of Xom's Outrage {*Drain +Inv rCorr Slay+5}
MR       .....                  (no boots)
Stlth    ++........             (no amulet)
HPRegen  0.20/turn              m - ring of magical power
MPRegen  0.23/turn              K - ring of resist corrosion

@: marked, very slightly contaminated
A: negative energy resistance 1, electricity resistance, unbreathing,
petrification resistance, rot immunity, AC +8
a: Renounce Religion, Evoke Invisibility


You were on level 11 of the Dungeon.
You worshipped Vehumet.
Vehumet was most pleased with you.
You were hungry.

You visited 2 branches of the dungeon, and saw 12 of its levels.
You also visited: Sewer.

You collected 699 gold pieces.
You spent 546 gold pieces at shops.

Inventory:

Hand Weapons
 h - a +0 dagger
 l - a -3 dagger
 C - a +1 whip of electrocution (weapon)
Missiles
 b - 85 stones (quivered)
Armour
 c - a +0 robe (worn)
 y - a +2 helmet (worn)
 J - the +2 buckler of Jouvuew (worn) {rC++}
   (You found it on level 8 of the Dungeon)

   It greatly protects you from cold.
 P - the +0 pair of gloves of Xom's Outrage (worn) {*Drain +Inv rCorr Slay+5}
   (You bought it in a shop on level 9 of the Dungeon)

   It affects your accuracy and damage with ranged weapons and melee attacks
   (+5).
   It lets you turn invisible.
   It protects you from acid and corrosion.
   It causes draining when unequipped.
Jewellery
 m - a ring of magical power (left hand)
 r - an uncursed ring of stealth
 z - an uncursed ring of see invisible
 H - a +2 ring of strength
 I - an uncursed amulet of faith
 K - a ring of resist corrosion (right hand)
Wands
 n - a wand of digging (7/24)
 s - a wand of acid (15/15)
 Q - a wand of disintegration (19/24)
 R - a wand of acid (6/15)
Scrolls
 f - 3 scrolls of blinking
 o - 2 scrolls of remove curse
 q - 3 scrolls of teleportation
 u - 7 scrolls of identify
 A - 2 scrolls of amnesia
 B - 2 scrolls of fog
 D - a scroll of magic mapping
 L - a scroll of immolation
 O - a scroll of enchant armour
 S - a scroll of fear
 T - a scroll of recharging
 U - a scroll of random uselessness {unknown}
Potions
 a - 3 potions of haste
 g - 4 potions of magic
 k - 4 potions of brilliance
 p - 4 potions of flight
 t - 6 potions of curing
 v - 3 potions of might
 x - 2 potions of lignification
 F - 4 potions of cancellation
 G - a potion of invisibility
 M - 2 potions of heal wounds
 N - a potion of agility
Books
 e - a book of Geomancy

   Spells                             Type                      Level
   a - Sandblast                      Earth                        1
   b - Passwall                       Transmutation/Earth          2
   c - Stone Arrow                    Conjuration/Earth            3
   d - Petrify                        Transmutation/Earth          4
   e - Lee's Rapid Deconstruction     Earth                        5
 E - a book of Conjurations

   Spells                             Type                      Level
   a - Magic Dart                     Conjuration                  1
   b - Searing Ray                    Conjuration                  2
   c - Dazzling Spray                 Conjuration/Hexes            3
   d - Fulminant Prism                Conjuration/Hexes            4
   e - Force Lance                    Conjuration/Translocation    4
   f - Iskenderun's Mystic Blast      Conjuration                  4
Comestibles
 d - 7 bread rations
 i - 17 fruits
 j - 8 meat rations
 w - 9 royal jellies


   Skills:
 + Level 5.4 Fighting
 + Level 4.3 Dodging
 - Level 2.1 Stealth
 + Level 3.6 Shields
 * Level 9.7 Spellcasting
 * Level 7.8 Conjurations
   Level 0.7 Transmutations
 * Level 12.4 Earth Magic


You had 20 spell levels left.
You knew the following spells:

 Your Spells              Type           Power        Failure   Level  Hunger
a - Sandblast             Erth           ######       1%          1    None
b - Stone Arrow           Conj/Erth      #####.       1%          3    None
c - Lee's Rapid Deconstr  Erth           ######....   1%          5    #####..


Dungeon Overview and Level Annotations

Branches:
Dungeon (11/15)            Temple (1/1) D:6             Orc (0/2) D:9
   Lair: D:8-11

Altars:
Ashenzari
Cheibriados
Dithmenos
Elyvilon
Fedhas
Gozag
Hepliaklqana
Kikubaaqudgha
Makhleb
Nemelex Xobeh
Okawaru
Qazlal
Ru
Sif Muna
Trog
Uskayaw
Vehumet
Wu Jian
Xom
Yredelemnul
Zin
The Shining One

Shops:
D:4 ?   D:5 ?}   D:8 *   D:9 *[(!:


Innate Abilities, Weirdness & Mutations

You are resistant to torment.
Your stone body is resilient. (AC +8)
You are immune to poison.
You resist negative energy. (rN+)
You are resistant to electric shocks. (rElec)
You can survive without breathing.
You are immune to petrification.
You are immune to rotting.


Message History

b - 85 stones The two-headed ogre hits you with a giant spiked club! x2
* * * LOW HITPOINT WARNING * * *
The efreet hits you with a scimitar of flaming.
* * * LOW HITPOINT WARNING * * *
The efreet burns you.
* * * LOW HITPOINT WARNING * * *
2 centaur warriors come into view.
Okay, then.
A centaur warrior comes into view.
You see here an amulet of inaccuracy.
The centaur warrior wields a longbow.
The centaur warrior shoots an arrow.
The arrow barely misses you.
Blink to where?
Press: ? - help, Dir - move target cursor, p - efreet You are very lightly contaminated with residual magic.
As you read the scroll of blinking, it crumbles to dust.
The centaur warrior wields a longbow.
The centaur warrior shoots an arrow.
The arrow hits you!
You die...

#.# ..# #..# #.# #.#
#.## #.# #.# ##.# #§#
#.# #.[# #######.# #.#
##.## #....c).#
#.#######..# #(..Rc§.#
#.........##
#.§"O§..#######.#######
#....c...@<.....#
#.......#########
#########


You could see 3 centaur warriors, a two-headed ogre and an efreet.

Vanquished Creatures
  The ghost of Laiders the Basher, a journeyman DDFi of Makhleb (D:8)
  3 two-headed ogres
  The ghost of Mitsuki the Destroyer, a novice DrCj of Vehumet (D:10)
  An ugly thing (D:11)
  A necromancer (D:10)
  A troll (D:10)
  A merfolk (D:10)
  Grinder (D:6)
  5 hippogriffs
  A wyvern (D:8)
  A hungry ghost (D:7)
  The ghost of geomchi the Changer, an amateur MfTm (D:3)
  3 orc warriors
  A sky beast (D:7)
  3 black bears
  A phantom (D:9)
  3 ogres
  A crocodile (D:10)
  3 big kobolds
  Blork the orc (D:3)
  6 bullfrogs
  A scorpion (D:4)
  10 killer bees
  10 wights
  A howler monkey (D:8)
  5 crimson imps
  3 quasits
  4 hounds
  A jelly (D:8)
  2 centaur skeletons
  5 orc priests
  5 bullfrog skeletons
  8 orc wizards
  4 iguanas
  10 worker ants
  Natasha (thrice) (D:3)
  A hound skeleton (D:4)
  Robin (D:3)
  2 worker ant zombies
  8 gnolls
  2 river rats (D:5)
  19 adders
  A shadow imp (D:10)
  6 oozes
  An adder skeleton (D:4)
  2 dart slugs (D:3)
  9 worms
  4 leopard geckos
  27 orcs
  6 ball pythons
  11 goblins
  16 hobgoblins
  12 jackals
  2 quokkas
  3 bats
  7 frilled lizards
  A jackal zombie (D:8)
  10 kobolds
  A leopard gecko skeleton (D:6)
  A leopard gecko zombie (D:8)
  A quokka skeleton (D:5)
  9 rats
275 creatures vanquished.

Notes
Turn   | Place    | Note
-------+----------+-------------------------------------------
     0 | D:1      | kae the Gargoyle Earth Elementalist began the quest for the Orb.
     0 | D:1      | Reached XP level 1. HP: 10/10 MP: 3/3
   544 | D:1      | Reached skill level 4 in Earth Magic
   544 | D:1      | Reached XP level 2. HP: 7/15 MP: 3/5
  1415 | D:2      | Reached XP level 3. HP: 14/19 MP: 6/6
  1457 | D:2      | Reached XP level 4. HP: 21/24 MP: 0/8
  2161 | D:2      | Reached skill level 5 in Earth Magic
  2202 | D:2      | Found a faded altar of an unknown god.
  2540 | D:3      | Noticed geomchi's ghost (amateur MfTm)
  2721 | D:3      | HP: 1/24 [geomchi's ghost (6)]
  2722 | D:3      | Killed geomchi's ghost
  2722 | D:3      | Reached skill level 6 in Earth Magic
  2722 | D:3      | Reached XP level 5. HP: 1/28 MP: 11/11
  2722 | D:3      | Reached XP level 6. HP: 2/32 MP: 12/12
  3152 | D:3      | Noticed Natasha
  3186 | D:3      | Killed Natasha
  3201 | D:3      | Learned a level 3 spell: Stone Arrow
  3207 | D:3      | Learned a level 5 spell: Lee's Rapid Deconstruction
  3814 | D:3      | Noticed Robin
  3892 | D:3      | Killed Robin
  4098 | D:3      | Noticed Natasha
  4101 | D:3      | Killed Natasha
  4102 | D:3      | Noticed Blork the orc
  4130 | D:3      | Killed Blork the orc
  4130 | D:3      | Reached XP level 7. HP: 30/36 MP: 13/14
  4182 | D:3      | Found a deep blue altar of Sif Muna.
  4229 | D:3      | Reached skill level 7 in Earth Magic
  4235 | D:3      | Reached skill level 5 in Spellcasting
  4380 | D:3      | Noticed Natasha
  4383 | D:3      | Killed Natasha
  5203 | D:4      | Reached skill level 8 in Earth Magic
  5323 | D:4      | Found Amoodol's Magic Scroll Shop.
  5405 | D:4      | Reached XP level 8. HP: 41/41 MP: 17/17
  5454 | D:5      | Entered Level 5 of the Dungeon
  5516 | D:5      | Found Duemnuka's Magic Scroll Shoppe.
  5519 | D:5      | Bought a scroll of identify for 22 gold pieces
  5519 | D:5      | Bought a scroll of identify for 22 gold pieces
  5519 | D:5      | Bought a scroll of identify for 22 gold pieces
  5519 | D:5      | Bought a scroll of identify for 22 gold pieces
  5587 | D:5      | Found a glowing drain.
  5620 | Sewer    | Entered a sewer
  5650 | Sewer    | Reached skill level 9 in Earth Magic
  6478 | D:5      | Found a shattered altar of Ashenzari.
  6523 | D:5      | Noticed a troll
  6534 | D:5      | Found Bijoicw's Gadget Boutique.
  6817 | D:6      | Found a staircase to the Ecumenical Temple.
  6848 | Temple   | Entered the Ecumenical Temple
  6915 | Temple   | Became a worshipper of Vehumet
  7101 | D:6      | Noticed Grinder
  7105 | D:6      | Killed Grinder
  7105 | D:6      | Reached skill level 1 in Fighting
  7105 | D:6      | Reached skill level 1 in Conjurations
  7198 | D:6      | Reached XP level 9. HP: 47/47 MP: 19/19
  7489 | D:6      | Found a white marble altar of Elyvilon.
  7541 | D:6      | Reached skill level 10 in Earth Magic
  8084 | D:7      | Reached * piety under Vehumet
  8084 | D:7      | Offered knowledge of Sting by Vehumet.
  8761 | D:7      | Found a glowing silver altar of Zin.
  9045 | D:8      | Reached XP level 10. HP: 45/56 MP: 7/22
  9246 | D:8      | Reached skill level 5 in Conjurations
  9246 | D:8      | Reached skill level 11 in Earth Magic
  9295 | D:8      | Noticed Laiders's ghost (journeyman DDFi)
  9319 | D:8      | HP: 1/56 [Laiders's ghost (11)]
  9320 | D:8      | Killed Laiders's ghost
  9550 | D:8      | Reached ** piety under Vehumet
  9550 | D:8      | Offered knowledge of Freeze by Vehumet.
  9625 | D:8      | Found Leabrepp's General Store.
  9633 | D:8      | Bought a cursed amulet of inaccuracy for 24 gold pieces
  9699 | D:8      | Got a steaming buckler
  9705 | D:8      | Identified the +2 buckler of Jouvuew {rC++} (You found it on level 8 of the Dungeon)
  9715 | D:8      | Noticed a two-headed ogre
  9721 | D:8      | Killed a two-headed ogre
  9721 | D:8      | Reached skill level 1 in Shields
 10087 | D:9      | Noticed a two-headed ogre
 10094 | D:9      | Killed a two-headed ogre
 10353 | D:9      | Found a stormy altar of Qazlal.
 10396 | D:9      | Found Sunedgh's Book Shoppe.
 10415 | D:9      | Noticed a two-headed ogre
 10420 | D:9      | Killed a two-headed ogre
 10420 | D:9      | Reached XP level 11. HP: 62/62 MP: 24/24
 10461 | D:9      | Found Zofoq's Weapon Shoppe.
 10493 | D:9      | Found a staircase to the Orcish Mines.
 10501 | D:9      | Found Voplyop's Distillery.
 10509 | D:9      | Bought a potion of agility for 64 gold pieces
 10531 | D:9      | Found Istre's General Store.
 10537 | D:9      | Found Moargh's Antique Armour Shoppe.
 10540 | D:9      | Bought a scroll of identify for 30 gold pieces
 10540 | D:9      | Bought a scroll of enchant armour for 112 gold pieces
 10553 | D:9      | Bought a pair of steaming gloves for 228 gold pieces
 10648 | D:9      | Identified the +0 pair of gloves of Xom's Outrage {*Drain +Inv rCorr Slay+5} (You bought it in a shop on level 9 of the Dungeon)
 10692 | D:9      | Found a basalt altar of Yredelemnul.
 10692 | D:9      | Found a sacrificial altar of Ru.
 10697 | D:9      | Found a faded altar of an unknown god.
 10699 | D:9      | Found a glowing golden altar of the Shining One.
 10706 | D:9      | Reached skill level 12 in Earth Magic
 10707 | D:9      | Found a deep blue altar of Sif Muna.
 10853 | D:10     | Entered Level 10 of the Dungeon
 10853 | D:10     | Noticed Mitsuki's ghost (novice DrCj)
 10864 | D:10     | Killed Mitsuki's ghost
 10883 | D:10     | Reached skill level 5 in Fighting
 11199 | D:10     | Offered knowledge of Static Discharge by Vehumet.
 11915 | D:10     | Noticed a necromancer
 11924 | D:10     | Killed a necromancer
 11924 | D:10     | Reached *** piety under Vehumet
 12092 | D:11     | Noticed a green ugly thing
 12100 | D:11     | Killed a green ugly thing
 12123 | D:11     | Found an iron altar of Okawaru.
 12123 | D:11     | Noticed an orc knight
 12226 | D:11     | Noticed a two-headed ogre
 12228 | D:11     | Noticed a centaur warrior
 12228 | D:11     | Noticed a centaur warrior
 12230 | D:11     | Noticed a centaur warrior
 12231 | D:11     | Shot with an arrow by a centaur warrior

Vault maps used:
D:1:      saegor_arrival_under_anarchy
D:2:      serial_aquarium, aquarium_bridge_straight,
          aquarium_bridge_long_separate, aquarium_window_corridor_1,
          aquarium_window_fake, aquarium_window_2, aquarium_window_fake,
          aquarium_view_2e, aquarium_view_2c, chequers_ecumenical_altar_grove,
          minmay_tromino_i2
D:3:      serial_park_tiny_pond, tgw_sif, uniq_natasha, uniq_robin
D:4:      first_bread, serial_shops, kennysheep_mini, cheibrodos_gnoll_hut
D:5:      lemuel_coloured_pillars_altar, serial_shops,
          nicolae_shop_competitors_out_of_business, kennysheep_mini_moat,
          portal_sewer_entry_b, minivault_23, lightli_corner_chamber
D:6:      elyvilon_altar_5, minmay_temple_entry_statues_fountains,
          serial_co_window_serial, co_window_paths_a, co_window_corner_a,
          co_window_corner_a, co_window_corner_a, co_window_paths_a,
          co_window_of_opportunity_a, co_window_of_opportunity_a,
          co_window_paths_b, co_window_paths_b, co_window_of_opportunity_c,
          co_window_of_opportunity_c, co_window_broadway_b, glass_columns_a,
          glass_columns_b, kennysheep_small_circle, uniq_grinder
D:7:      lemuel_crystal_altar
D:8:      serial_shops, nicolae_shop_waterfront
D:9:      grunt_qazlal_clouds, chequers_temple_overflow_minitemple, orc_0_dummy,
          serial_shops, shop, nicolae_shop_overgrown_old_shop, shop,
          kennysheep_little_box, shop_fountains
D:10:     hangedman_fish_farm, minmay_three_doors
D:11:     evilmike_iron_armoury, minmay_lair_entry_lava, dk_noncrumbling_4
Temple:   eino_temple_water
Sewer:    sewer_co_15_rooms

Skill      XL: |  1  2  3  4  5  6  7  8  9 10 11 |
---------------+----------------------------------+-----
Earth Magic    | 4 6 8 9 10 11 12 | 12.4
Spellcasting   | 3 4 6 7 8 9 |  9.7
Fighting       | 1 3 4 5 |  5.4
Conjurations   | 2 4 6 7 |  7.8
Dodging        | 2 3 4 |  4.3
Shields        | 2 3 |  3.6
Stealth        | |  2.1
Transmutations | |  0.7

Action                   |  1- 3 |  4- 6 |  7- 9 | 10-12 || total
-------------------------+-------+-------+-------+-------++-------
Melee: Dagger            |    61 |   211 |     6 |       ||   278
       Whip              |       |       |   291 |   118 ||   409
 Cast: Sandblast         |    16 |    45 |    57 |    89 ||   207
       Stone Arrow       |       |     7 |    95 |    55 ||   157
  Use: Scroll            |       |     8 |    13 |     5 ||    26
       Potion            |       |       |     1 |       ||     1
 Stab: Sleeping          |     3 |     5 |     4 |     3 ||    15
  Eat: Chunk             |     1 |    10 |    18 |     9 ||    38
       Fruit             |       |       |       |     1 ||     1
Armor: Robe              |    16 |    83 |   178 |    88 ||   365
Dodge: Dodged            |    39 |   152 |   246 |   153 ||   590
Block: Buckler           |       |       |       |    53 ||    53

Table legend:
 A = Spawn XP
 B = Non-spawn XP
 C = Spawn XP percentage of total XP
 D = Spawn monster count
 E = Non-spawn monster count
 F = Spawn count percentage of total count
 G = Total turns spent on level
                    A         B        C        D         E        F      G
               +---------+---------+-------+---------+---------+-------+---------
         Total |       0 |   15024 |   0.0 |       0 |     275 |   0.0 | 12231
               +---------+---------+-------+---------+---------+-------+---------
           D:1 |       0 |      13 |   0.0 |       0 |       5 |   0.0 |   919
           D:2 |       0 |      98 |   0.0 |       0 |      25 |   0.0 |  1584
           D:3 |       0 |     635 |   0.0 |       0 |      52 |   0.0 |  1942
           D:4 |       0 |     545 |   0.0 |       0 |      19 |   0.0 |  1009
           D:5 |       0 |     309 |   0.0 |       0 |      17 |   0.0 |   752
           D:6 |       0 |     943 |   0.0 |       0 |      27 |   0.0 |  1265
           D:7 |       0 |    1676 |   0.0 |       0 |      31 |   0.0 |  1015
           D:8 |       0 |    3188 |   0.0 |       0 |      23 |   0.0 |   972
           D:9 |       0 |    2431 |   0.0 |       0 |      10 |   0.0 |   853
          D:10 |       0 |    3822 |   0.0 |       0 |      41 |   0.0 |  1210
          D:11 |       0 |    1093 |   0.0 |       0 |       5 |   0.0 |   168
         Sewer |       0 |     271 |   0.0 |       0 |      20 |   0.0 |   457
               +---------+---------+-------+---------+---------+-------+---------
